 Dungeon Crawl Stone Soup version 0.27-a0-972-gd1521fd518 (webtiles) character file.

Game seed: 16300833772742911605

30 leviel the Skirmisher (level 3, 0/33 HPs)
             Began as a Minotaur Fighter on Apr 13, 2021.
             Killed from afar by Sigmund (10 damage)
             ... with a puff of flame
             ... on level 2 of the Dungeon.
             The game lasted 00:01:21 (1138 turns).

leviel the Skirmisher (Minotaur Fighter)            Turns: 1138, Time: 00:01:22

Health: 0/33       AC:  7    Str: 20    XL:     3   Next: 3%
Magic:  2/2        EV:  7    Int:  5    God:
Gold:   27         SH:  9    Dex: 10    Spells: 2/2 levels left

rFire    . . .     SeeInvis .   a - +0 war axe
rCold    . . .     Faith    .   c - +0 kite shield
rNeg     . . .     Spirit   .   b - +0 scale mail
rPois    .         Reflect  .   (helmet restricted)
rElec    .         Harm     .   (no cloak)
rCorr    .         Rampage  .   (no gloves)
Will     .....                  (no boots)
Stlth    ..........             (no amulet)
HPRegen  0.11/turn              (no ring)
MPRegen  0.08/turn              (no ring)

@: mighty, lethally poisoned (0 -> -7)
A: horns 2, retaliatory headbutt
a: no special abilities


You were on level 2 of the Dungeon.
You visited 1 branch of the dungeon, and saw 2 of its levels.

You collected 27 gold pieces.

Inventory:

Hand Weapons
 a - a +0 war axe (weapon)
Armour
 b - a +0 scale mail (worn)
 c - a +0 kite shield (worn)
Scrolls
 e - a scroll of fog {unknown}
 h - a scroll of teleportation {unknown}
Potions
 d - a potion of might
 f - a potion of flight {unknown}
 g - 2 potions of curing {unknown}


   Skills:
 + Level 3.8 Fighting
 * Level 3.3 Axes
 + Level 3.8 Armour
 + Level 3.8 Shields
 + Level 0.5 Invocations
 + Level 0.7 Evocations


You had 2 spell levels left.
You didn't know any spells.
Your spell library contained the following spells:

 Spells                   Type           Power      Damage    Failure   Level
 Animate Skeleton         Necr           0%         N/A       99%         1
 Apportation              Tloc           0%         N/A       99%         1
 Corona                   Hex            0%         N/A       99%         1
 Summon Small Mammal      Summ           0%         N/A       99%         1


Dungeon Overview and Level Annotations

Branches:
Dungeon (2/15)

Altars:

Annotations:
D:2 Sigmund


Innate Abilities, Weirdness & Mutations

You have a pair of horns on your head.
You reflexively headbutt those who attack you in melee.


Message History

You enter the shallow water.
Moving in this stuff is going to be slow.
You enter the shallow water.
Moving in this stuff is going to be slow.
There is a stone staircase leading down here.
You climb downwards.
Found 5 gold pieces.
There is a stone staircase leading up here.
Sigmund the Dreaded comes into view.
He is wielding a +0 scythe and carrying a wand of flame (8).
Sigmund shouts!
You hear a bark!
You hear an angry hiss.
You see here 5 gold pieces.
Sigmund is nearby!
Sigmund is nearby!
You feel very mighty all of a sudden.
Sigmund casts a spell at himself.
Sigmund flickers and vanishes!
Deactivating autopickup; reactivate with Ctrl-A.
No target in view!
An adder comes into view.
Something hits you.
You miss something.
The adder hisses angrily.
You headbutt something! You block something's attack.
You miss something.
You hear some strange, mumbled words.
A magic dart appears from out of thin air!
The magic dart hits you!
You hear some strange, mumbled words.
A magic dart appears from out of thin air!
The magic dart hits you.
You closely miss something. You block the adder's attack. Something hits you.
You hit something.
Your shield prevents you from hitting the adder.
The adder bites you.
You are poisoned.
The adder poisons you!
You hear a zap.
A puff of flame appears from out of thin air!
The puff of flame hits you!
You die...

..... #.... ....#
#...## #....# #
#..#.##.### #
#S{.......
####.##@#.##.####
................
.....##.#.#..#####
........$.<.......
...#.##.##.#.##...
.... #....# .. ...
#.##.. #.. ..
####... ## . .....


You could see an adder.

Vanquished Creatures
  2 ball pythons (D:1)
  A bat (D:1)
  4 endoplasms (D:1)
  A giant cockroach (D:1)
  A goblin (D:1)
  5 hobgoblins (D:1)
  2 jackals (D:1)
  3 kobolds (D:1)
  A quokka (D:1)
  5 rats (D:1)
25 creatures vanquished.

Notes
Turn   | Place    | Note
-------+----------+-------------------------------------------
     0 | D:1      | leviel the Minotaur Fighter began the quest for the Orb.
     0 | D:1      | Reached XP level 1. HP: 19/19 MP: 0/0
   346 | D:1      | Reached XP level 2. HP: 25/27 MP: 1/1
   839 | D:1      | Reached XP level 3. HP: 33/33 MP: 2/2
  1087 | D:1      | Found a faded altar of an unknown god.
  1130 | D:2      | Noticed Sigmund
  1138 | D:2      | Killed from afar by Sigmund

Illustrated notes

Levels and vault maps discovered:
D:1:      minmay_arrival_doors, layout_loops_corners,
          shapermc_ecumenical_altar_hornbeckon
D:2:      layout_basic, uniq_jessica, uniq_sigmund

Skill      XL: |  1  2 |
---------------+-------+-----
Axes           | 3 |  3.3
Fighting       | |  3.8
Armour         | |  3.8
Shields        | |  3.8
Invocations    | |  0.5
Evocations     | |  0.7

Action                   || total
-------------------------++-------
Melee: War axe           ||    56
       Headbutt          ||     4
  Use: Potion            ||     1
Armor: Scale mail        ||    19
Dodge: Dodged            ||    15
Block: Kite shield       ||    26

Table legend: (Time is in decaauts)
 A = Elapsed time spent in this place.
 B = Non-inter-level travel time spent in this place.
 C = Inter-level travel time spent in this place.
 D = Time resting spent in this place.
 E = Time spent auto-exploring this place.
 F = Levels seen in this place.
 G = Mean time per level.
                   A        B        C        D        E       F      G
               +--------+--------+--------+--------+--------+-----+--------+
         Total |   1176 |   1133 |     43 |      0 |    978 |   2 |  588.0 |
       Dungeon |   1176 |   1133 |     43 |      0 |    978 |   2 |  588.0 |
               +--------+--------+--------+--------+--------+-----+--------+

Top non-repeatable levels by time:
     D:1: 1164 daAuts
     D:2: 11 daAuts
